 Dungeon Crawl Stone Soup version 0.26-b1-32-g5d43845318 (webtiles) character file.

Game seed: 15402760040728361816

2087 tv1990 the Skirmisher (level 9, -4/72 HPs)
             Began as a Formicid Monk on Jan 8, 2021.
             Was a Priest of Okawaru.
             Slain by an orc warrior
             ... wielding a +0 scimitar
              (13 damage)
             ... on level 7 of the Dungeon.
             The game lasted 00:16:55 (8003 turns).

tv1990 the Skirmisher (Formicid Monk)               Turns: 8003, Time: 00:16:56

Health: -4/72      AC: 14    Str: 20    XL:     9   Next: 51%
Magic:  12/12      EV: 22    Int:  9    God:    Okawaru [***...]
Gold:   305        SH:  0    Dex: 13    Spells: 8/8 levels left

rFire    . . .     SeeInvis +   G - +0 war axe
rCold    + + .     Faith    .   (no shield)
rNeg     . . .     Spirit   .   k - +0 plate armour
rPois    .         Reflect  .   (helmet unavailable)
rElec    .         Harm     .   (no cloak)
rCorr    .         Rampage  .   n - +0 pair of gloves
Will     .....                  D - +0 pair of boots
Stlth    ..........             e - amulet of the acrobat
HPRegen  0.22/turn              c - ring of protection from cold
MPRegen  0.13/turn              B - ring of protection from cold

@: acrobat, very slightly contaminated, invisible
A: permanent stasis, dig shafts and tunnels, four strong arms, antennae 3
a: Dig, Shaft Self, Renounce Religion, Heroism


You were on level 7 of the Dungeon.
You worshipped Okawaru.
Okawaru was most pleased with you.
You visited 2 branches of the dungeon, and saw 8 of its levels.

You collected 305 gold pieces.

Inventory:

Hand Weapons
 a - a +0 hand axe
 E - a +0 shortbow
 G - a +0 war axe (weapon)
Missiles
 A - 32 arrows
Armour
 k - a +0 plate armour (worn)
 m - a +0 pair of boots
 n - a +0 pair of gloves (worn)
 D - a +0 pair of boots (worn)
Jewellery
 b - an uncursed ring of positive energy
 c - a ring of protection from cold (left hand)
 e - an amulet of the acrobat (around neck)
 B - a ring of protection from cold (right hand)
Wands
 u - a wand of acid (4)
 F - a wand of digging (4)
Scrolls
 d - 7 scrolls of identify {unknown}
 f - a scroll of amnesia {unknown}
 g - 11 scrolls of teleportation {unknown}
 p - a scroll of magic mapping {unknown}
 t - 3 scrolls of blinking {unknown}
 x - a scroll of random uselessness {unknown}
 y - 4 scrolls of enchant weapon {unknown}
 z - 2 scrolls of remove curse {unknown}
Potions
 i - a potion of invisibility
 j - 2 potions of haste
 l - a potion of lignification {unknown}
 o - a potion of mutation {unknown}
 q - a potion of cancellation {unknown}
 r - 2 potions of degeneration {unknown}
 s - a potion of heal wounds {unknown}
 v - a potion of curing {unknown}
 w - 2 potions of resistance {unknown}
 C - a potion of might {unknown}


   Skills:
 + Level 7.3 Fighting
 - Level 6.5 Axes
 * Level 5.0 Bows
 - Level 4.7 Armour
 - Level 2.6 Dodging
 - Level 2.4 Stealth
 + Level 4.2 Invocations


You had 8 spell levels left.
You didn't know any spells.
Your spell library contained the following spells:

 Spells                   Type           Power        Failure   Level
 Confusing Touch          Hex            0%           100%        3
 Gell's Gravitas          Tloc           0%           100%        3
 Petrify                  Tmut/Erth      0%           100%        4
 Metabolic Englaciation   Hex/Ice        0%           100%        5
 Yara's Violent Unravell  Hex/Tmut       0%           100%        5


Dungeon Overview and Level Annotations

Branches:
Dungeon (7/15)             Temple (1/1) D:6

Altars:
Ashenzari
Cheibriados
Dithmenos
Elyvilon
Fedhas
Gozag
Hepliaklqana
Kikubaaqudgha
Nemelex Xobeh
Okawaru
Qazlal
Ru
Trog
Uskayaw
Xom
Yredelemnul
Zin
The Shining One

Shops:
D:4 (


Innate Abilities, Weirdness & Mutations

You cannot be hasted, slowed, berserked, paralysed or teleported.
You can dig through walls and to a lower floor.
Your four strong arms can wield two-handed weapons with a shield.
You have a pair of large antennae on your head. (SInv)


Message History

Your plate armour prevents you from hitting the orc warrior.
The orc warrior is lightly wounded.
The orc warrior hits you but does no damage.
You completely miss the orc warrior.
The orc warrior is lightly wounded.
The orc warrior hits you with a +0 scimitar!
* * * LOW HITPOINT WARNING * * *
It was a potion of invisibility.
You fade into invisibility!
The orc warrior hits you with a +0 scimitar.
* * * LOW HITPOINT WARNING * * *
You are very lightly contaminated with residual magic.
Okay, then.
Unknown command.
Unknown command.
You extend your mandibles.
You dig through the rock wall.
You dig through the rock wall.
The orc warrior hits you with a +0 scimitar!
You die...

#.# #####
#.....##..............
#.#
#.....##.......รท......
#.#
#.###..#..............
#...#..#..............
###...................
##.................
#...#.............
#...#.............
##@#...##.###......
#o##.o.##.# ##.#...
#o#.#.....# #..##..
##.####.......## .. ###
........ ####..##.
##.... #.##. #.


You could see an orc warrior and an orc.

Vanquished Creatures
  Eustachio (D:6)
  3 black bears
  An orc warrior (D:7)
  An ice beast (D:6)
  An ogre (D:5)
  A centaur (D:6)
  A big kobold (D:7)
  3 bullfrogs
  4 killer bees
  2 howler monkeys
  A bullfrog zombie (D:6)
  3 orc priests (D:7)
  2 centaur zombies
  2 hounds
  3 jellies (D:7)
  Natasha (twice) (D:4)
  4 orc wizards (D:7)
  3 worker ants
  A worker ant zombie (D:5)
  4 gnolls (D:5)
  6 adders
  A howler monkey skeleton (D:5)
  2 shadow imps
  3 white imps
  2 adder zombies
  4 worms
  2 dart slugs
  A leopard gecko (D:7)
  9 orcs
  4 giant cockroaches
  2 goblins
  7 hobgoblins
  21 jackals
  10 kobolds
  3 quokkas
  3 ball pythons
  A bat (D:2)
  5 frilled lizards (D:1)
  A jackal skeleton (D:5)
  6 rats
136 creatures vanquished.

Notes
Turn   | Place    | Note
-------+----------+-------------------------------------------
     0 | D:1      | tv1990 the Formicid Monk began the quest for the Orb.
     0 | D:1      | Reached XP level 1. HP: 18/18 MP: 1/1
   306 | D:1      | Reached XP level 2. HP: 24/24 MP: 2/2
   452 | D:1      | Reached skill level 1 in Armour
   696 | D:1      | Reached XP level 3. HP: 29/29 MP: 3/3
  1462 | D:2      | Reached XP level 4. HP: 37/37 MP: 4/4
  1698 | D:3      | Reached skill level 4 in Fighting
  1993 | D:3      | Reached XP level 5. HP: 29/42 MP: 5/5
  2228 | D:3      | Found a hazy altar of Hepliaklqana.
  2381 | D:3      | Found a bloodstained altar of Trog.
  2498 | D:3      | Found a basalt altar of Yredelemnul.
  2504 | D:3      | Found a snail-covered altar of Cheibriados.
  2505 | D:3      | Found an opulent altar of Gozag.
  2507 | D:3      | Found a shimmering altar of Xom.
  2671 | D:4      | Noticed Natasha
  2682 | D:4      | Killed Natasha
  3025 | D:4      | Noticed Natasha
  3035 | D:4      | Killed Natasha
  3073 | D:4      | Reached XP level 6. HP: 42/49 MP: 6/6
  3180 | D:4      | Reached skill level 5 in Axes
  3186 | D:4      | Found Nanty's Antique Weapon Boutique.
  3446 | D:5      | Entered Level 5 of the Dungeon
  3447 | D:5      | Noticed an ice beast
  3895 | D:5      | Reached XP level 7. HP: 55/55 MP: 7/7
  4100 | D:5      | Reached skill level 5 in Fighting
  4992 | D:6      | Reached XP level 8. HP: 36/63 MP: 8/8
  5082 | D:6      | Reached skill level 1 in Bows
  5671 | D:6      | Reached skill level 6 in Fighting
  5726 | D:6      | Found a staircase to the Ecumenical Temple.
  5884 | Temple   | Entered the Ecumenical Temple
  5893 | Temple   | Became a worshipper of Warmaster Okawaru
  5893 | Temple   | Reached * piety under Okawaru
  5893 | Temple   | Reached ** piety under Okawaru
  6217 | D:6      | Noticed Eustachio
  6266 | D:6      | Killed Eustachio
  6267 | D:6      | Reached skill level 1 in Invocations
  6884 | D:7      | Reached XP level 9. HP: 60/71 MP: 10/10
  7411 | D:7      | Reached skill level 7 in Fighting
  7898 | D:7      | Reached *** piety under Okawaru
  7983 | D:7      | Reached skill level 5 in Bows
  8003 | D:7      | Slain by an orc warrior

Skill      XL: |  1  2  3  4  5  6  7  8  9 |
---------------+----------------------------+-----
Armour         | 1 2 3 4 |  4.7
Fighting       | 4 5 6 7 |  7.3
Axes           | 4 5 6 |  6.5
Bows           | 3 5 |  5.0
Invocations    | 2 4 |  4.2
Dodging        | |  2.6
Stealth        | |  2.4

Action                   |  1- 3 |  4- 6 |  7- 9 || total
-------------------------+-------+-------+-------++-------
Melee: Hand axe          |   105 |   220 |   177 ||   502
       War axe           |       |       |   111 ||   111
 Fire: Shortbow          |       |       |   164 ||   164
Invok: Heroism           |       |       |     4 ||     4
 Abil: Dig               |     1 |     7 |     6 ||    14
  Use: Potion            |       |       |     4 ||     4
 Stab: Sleeping          |     2 |       |       ||     2
Armor: Robe              |     3 |       |       ||     3
       Plate armour      |    25 |   127 |   332 ||   484
Dodge: Dodged            |    84 |    75 |   171 ||   330

Levels and vault maps discovered:
D:1:      minmay_arrival_glassed_features, layout_loops_ring, corner_web_ring,
          chequers_serial_rivers_micro_c, chequers_arboretum
D:2:      layout_basic
D:3:      layout_basic, lightli_temple_of_fire, general_overflow_altar,
          minitemple
D:4:      layout_loops_ring, serial_shops, shop, uniq_natasha
D:5:      layout_basic
D:6:      layout_layer_cave, temple_hall, grunt_ministairs_6, dk_noncrumbling_4,
          uniq_eustachio
D:7:      layout_rooms, serial_glass, glass_columns_b, glass_columns_a
Temple:   eino_temple_lava
